 Dungeon Crawl Stone Soup version 0.19.4 (webtiles) character file.

21478 Kiturien the Severer (level 12, -3/110 HPs)
             Began as a Hill Orc Fighter on Feb 2, 2017.
             Was an Elder of Qazlal.
             Killed from afar by a frost giant (10 damage)
             ... with a bolt of cold
             ... in an ice cave on Feb 3, 2017.
             The game lasted 00:55:00 (10367 turns).

Kiturien the Severer (Hill Orc Fighter)            Turns: 10367, Time: 00:55:00

Health: -3/110     AC: 21    Str: 27    XL:     12   Next: 90%
Magic:  12/12      EV:  8    Int:  8    God:    Qazlal [****..]
Gold:   723        SH: 18    Dex: 10    Spells: 1 memorised, 8 levels left

rFire  x . .     SeeInvis .     a - +0 war axe
rCold  + . .     Gourm    .     E - +0 plate armour
rNeg   . . .     Faith    .     c - +0 shield
rPois  .         Spirit   .     (no helmet)
rElec  .         Reflect  .     q - +2 cloak
rCorr  .         Harm     .     (no gloves)
MR     .....                    m - +2 pair of boots {run}
Stlth  ..........               F - amulet of regeneration
                                w - ring of ice
                                A - +3 ring of strength

@: studying Slings, repel missiles, quick
A: MP-powered wands
a: Upheaval, Elemental Force, Renounce Religion


You were in an ice cave.
You worshipped Qazlal.
Qazlal was greatly pleased with you.
You were near starving.

You visited 2 branches of the dungeon, and saw 12 of its levels.
You also visited: Ice Cave.

You collected 723 gold pieces.

Inventory:

Hand Weapons
 a - a +0 war axe (weapon)
 W - a +1 whip of flaming
Armour
 c - a +0 shield (worn)
 m - a +2 pair of boots of running (worn)
 q - a +2 cloak (worn)
 z - a +0 cloak of invisibility
 E - a +0 plate armour (worn)
 O - the +1 robe of Noocwigh {rC+}
   (You found it on level 8 of the Dungeon)

   It protects you from cold.
Jewellery
 b - an uncursed ring of poison resistance
 r - a +3 ring of evasion
 w - a ring of ice (right hand)
 A - a +3 ring of strength (left hand)
 F - an amulet of regeneration (around neck)
 G - an uncursed ring of fire
Wands
 C - a wand of polymorph (21/24)
 H - a wand of paralysis (8/24)
 J - a wand of teleportation (3/9)
 T - a wand of confusion (17/48)
 Z - a wand of digging (11/24)
Scrolls
 g - 2 scrolls of blinking
 i - 9 scrolls of remove curse
 k - 2 scrolls of recharging
 n - 2 scrolls of immolation
 o - a scroll of enchant weapon {unknown}
 u - a scroll of random uselessness {unknown}
 y - a scroll of noise
 M - a scroll of amnesia
 S - a scroll of identify
 X - a scroll of magic mapping {unknown}
Potions
 d - a potion of might
 e - a potion of lignification
 l - a potion of flight
 p - 2 potions of resistance
 s - a potion of mutation
 t - a potion of cancellation
 v - 2 potions of brilliance
 x - 9 potions of curing
 I - 3 potions of heal wounds
 N - 2 potions of haste
 P - 2 potions of ambrosia
 R - a potion of agility {unknown}
 U - a potion of berserk rage {unknown}
Books
 D - a book of Misfortune

   Spells                             Type                      Level
   a - Confusing Touch                Hexes                        1
   b - Confuse                        Hexes                        3
   c - Gell's Gravitas                Hexes/Translocation          3
   d - Petrify                        Transmutation/Earth          4
   e - Metabolic Englaciation         Hexes/Ice                    5
   f - Yara's Violent Unravelling     Hexes/Transmutation          5
 L - a book of Clouds

   Spells                             Type                      Level
   a - Mephitic Cloud                 Conjuration/Poison/Air       3
   b - Conjure Flame                  Conjuration/Fire             3
   c - Poisonous Cloud                Conjuration/Poison/Air       6
   d - Freezing Cloud                 Conjuration/Ice/Air          6
   e - Ring of Flames                 Charms/Fire                  7
 Q - a manual of Slings
 Y - a book of Battle

   Spells                             Type                      Level
   a - Infusion                       Charms                       1
   b - Shroud of Golubria             Charms/Translocation         2
   c - Song of Slaying                Charms                       2
   d - Spectral Weapon                Hexes/Charms                 3
   e - Regeneration                   Charms/Necromancy            3
Miscellaneous
 V - a lamp of fire
Comestibles
 f - a slice of pizza
 h - 10 fruits
 j - a meat ration


   Skills:
 + Level 11.1 Fighting
 - Level 16.3 Axes
 + Level 9.5 Armour
 * Level 2.7 Dodging
 + Level 12.1 Shields


You had 8 spell levels left.
You knew the following spells:

 Your Spells              Type           Power        Failure   Level  Hunger
a - Conjure Flame         Conj/Fire      #.......     100%        3    ####...


Dungeon Overview and Level Annotations

Branches:
Dungeon (11/15)            Temple (1/1) D:7            Lair (0/6) D:8
    Orc: D:9-12

Altars:
Ashenzari
Cheibriados
Dithmenos
Elyvilon
Fedhas
Gozag
Hepliaklqana
Kikubaaqudgha
Makhleb
Nemelex Xobeh
Okawaru
Qazlal
Ru
Sif Muna
Trog
Uskayaw
Xom
Zin
The Shining One


Innate Abilities, Weirdness & Mutations

You expend magic power (3 MP) to strengthen your wands.


Message History

The frost giant points at you and mumbles some strange words.
The bolt of cold hits you! You resist.
* * * LOW HITPOINT WARNING * * *
You see here a yak corpse.
Things that are here:
a yak corpse x2; a polar bear corpse You enter the shallow water.
Moving in this stuff is going to be slow.
You hear an angry growl.
The frost giant casts a spell at you. The bolt of cold hits you! You resist.
* * * LOW HITPOINT WARNING * * *
The frost giant points at you and mumbles some strange words.
The bolt of cold hits you! You resist.
* * * LOW HITPOINT WARNING * * *
The frost giant points at you and mumbles some strange words.
The bolt of cold misses you. The frost giant casts a spell at you.
The bolt of cold hits you! You resist.
You die...

##.#.## #####
#.⌠.#.#######
≈≈≈≈≈###.###.#..#..
#≈≈≈#######..#.†#
#≈≈≈#≈≈.#####..
##≈C≈≈#≈.C##†.#
####§§#≈≈≈##...###
##.§§####≈≈≈#####
###### #.@###
≈≈≈≈#≈≈# ###..†.###
##..###≈≈≈≈≈≈≈≈≈
##...##...###
##..####≈≈≈≈≈≈≈≈
...#.####...##
#..### ##≈≈#≈#≈≈
..###.####...#
##...## ##≈≈≈≈≈#
.###.###...###
###..# ...####..###
#...## .### #....##
###..## ## ##....##
###.....#


You could see a frost giant.

Vanquished Creatures
  A hydra (D:11)
  3 death yaks (IceCv)
  3 hill giants
  A glowing orange brain (D:10)
  Pikel (D:9)
  A manticore (D:8)
  An ice statue (IceCv)
  A kobold demonologist (D:8)
  3 rime drakes
  11 polar bears (IceCv)
  A troll (D:11)
  2 hippogriffs
  2 wyverns (D:9)
  25 yaks
  2 hungry ghosts
  A basilisk (D:8)
  Duvessa (D:5)
  2 ice beasts (D:5)
  4 sky beasts
  A necrophage (D:6)
  2 orc warriors
  4 phantoms
  2 slaves (D:9)
  An eye of draining (D:11)
  9 ogres
  7 centaurs
  12 wolves (IceCv)
  3 big kobolds
  2 bullfrogs
  A gnoll sergeant (D:5)
  Dowan (D:5)
  A water moccasin skeleton (D:4)
  5 scorpions
  The ghost of soukkis the Skirmisher, a weakling HOFi (D:3)
  12 wights
  6 killer bees (D:11)
  3 howler monkeys (D:7)
  8 crimson imps
  2 centaur zombies
  7 hounds
  3 jellies
  2 centaur skeletons
  5 orc priests
  A bullfrog skeleton (D:10)
  3 iguanas
  5 worker ants
  9 orc wizards
  3 hell rats (D:8)
  A killer bee zombie (D:5)
  A hound zombie (D:5)
  2 hound skeletons
  9 gnolls
  2 worker ant zombies
  12 adders
  4 oozes
  2 adder zombies
  2 adder skeletons
  4 worms
  2 dart slugs
  7 leopard geckos
  21 orcs
  10 bats
  8 giant cockroaches
  8 goblins
  12 hobgoblins
  12 jackals
  19 kobolds
  6 quokkas
  2 ball pythons
  5 frilled lizards
  11 rats
349 creatures vanquished.

Vanquished Creatures (others)
  2 slaves (D:9)
  A wolf (IceCv)
  An orc priest (D:9)
  A quokka (D:9)
5 creatures vanquished.

Grand Total: 354 creatures vanquished

Notes
Turn   | Place    | Note
-------+----------+-------------------------------------------
     0 | D:1      | Kiturien the Hill Orc Fighter began the quest for the Orb.
     0 | D:1      | Reached XP level 1. HP: 19/19 MP: 1/1
    60 | D:1      | Reached XP level 2. HP: 20/27 MP: 2/2
   345 | D:1      | Reached XP level 3. HP: 16/33 MP: 3/3
   351 | D:1      | Reached skill level 3 in Axes
  1015 | D:1      | Reached XP level 4. HP: 39/40 MP: 4/4
  1025 | D:1      | Reached skill level 4 in Axes
  1703 | D:2      | Reached XP level 5. HP: 46/46 MP: 5/5
  1717 | D:2      | Reached skill level 5 in Axes
  1860 | D:3      | Identified a +0 pair of boots of running (You found it on level 3 of the Dungeon)
  1908 | D:3      | Found a bloodstained altar of Trog.
  2011 | D:3      | Noticed soukkis's ghost (weakling HOFi)
  2019 | D:3      | Killed soukkis's ghost
  2080 | D:3      | Reached skill level 1 in Dodging
  2139 | D:3      | Reached XP level 6. HP: 53/53 MP: 6/6
  2152 | D:3      | Found a snail-covered altar of Cheibriados.
  2542 | D:4      | Reached skill level 6 in Axes
  2762 | D:4      | Reached XP level 7. HP: 60/60 MP: 7/7
  2941 | D:4      | Reached skill level 5 in Fighting
  3035 | D:4      | Reached skill level 7 in Axes
  3035 | D:4      | Reached skill level 5 in Shields
  3490 | D:5      | Entered Level 5 of the Dungeon
  3552 | D:5      | Reached XP level 8. HP: 67/68 MP: 8/8
  3673 | D:5      | Reached skill level 8 in Axes
  3758 | D:5      | Reached skill level 5 in Armour
  3806 | D:5      | Reached skill level 9 in Axes
  3808 | D:5      | Noticed Duvessa
  3808 | D:5      | Noticed Dowan
  3811 | D:5      | Found a sacrificial altar of Ru.
  3816 | D:5      | Killed Duvessa
  3821 | D:5      | Killed Dowan
  4034 | D:5      | Reached skill level 10 in Axes
  4203 | D:6      | Reached XP level 9. HP: 75/75 MP: 9/9
  4348 | D:6      | Learned a level 3 spell: Conjure Flame
  4374 | D:6      | Reached skill level 11 in Axes
  4409 | D:6      | Found a bloodstained altar of Trog.
  5381 | D:7      | Found a staircase to the Ecumenical Temple.
  5493 | D:7      | Reached skill level 12 in Axes
  5728 | D:8      | Found a glowing golden altar of the Shining One.
  5728 | D:8      | Found a faded altar of an unknown god.
  5737 | D:8      | Found a faded altar of an unknown god.
  5740 | D:8      | Found a faded altar of an unknown god.
  5742 | D:8      | Found a faded altar of an unknown god.
  5848 | D:8      | Found a white marble altar of Elyvilon.
  5868 | D:8      | Reached XP level 10. HP: 60/86 MP: 10/10
  5875 | D:8      | Gained mutation: You expend magic power (3 MP) to strengthen your wands. [mutagenic meat]
  5913 | D:8      | Found a staircase to the Lair.
  5943 | D:8      | Got a wizard robe
  6161 | D:8      | Noticed a kobold demonologist
  6161 | D:8      | Noticed a manticore
  6304 | D:8      | Killed a kobold demonologist
  6311 | D:8      | Killed a manticore
  6543 | D:8      | Identified the +1 robe of Noocwigh {rC+} (You found it on level 8 of the Dungeon)
  6834 | Temple   | Entered the Ecumenical Temple
  7006 | Temple   | Became a worshipper of Qazlal Stormbringer
  7199 | D:8      | Reached skill level 13 in Axes
  7561 | D:9      | Noticed Pikel
  7578 | D:9      | Killed Pikel
  7578 | D:9      | Reached XP level 11. HP: 95/95 MP: 11/11
  7851 | D:9      | Reached * piety under Qazlal
  7865 | D:9      | Reached skill level 14 in Axes
  8135 | D:9      | Found an opulent altar of Gozag.
  8297 | D:10     | Entered Level 10 of the Dungeon
  8297 | D:10     | Noticed a hill giant
  8308 | D:10     | Killed a hill giant
  8496 | D:10     | Noticed a hill giant
  8532 | D:10     | Noticed a glowing orange brain
  8532 | D:10     | a hill giant changed into a glowing orange brain
  8547 | D:10     | Killed a glowing orange brain
  8604 | D:10     | Noticed a hill giant
  8618 | D:10     | Killed a hill giant
  8618 | D:10     | Reached ** piety under Qazlal
  9039 | D:11     | Noticed a hill giant
  9051 | D:11     | Killed a hill giant
  9051 | D:11     | Reached skill level 10 in Shields
  9081 | D:11     | Noticed a seven-headed hydra
  9098 | D:11     | Killed a seven-headed hydra
  9196 | D:11     | Reached skill level 15 in Axes
  9235 | D:11     | Noticed a purple ugly thing
  9236 | D:11     | Noticed a purple ugly thing
  9251 | D:11     | Noticed a cyan ugly thing
  9394 | D:11     | Reached XP level 12. HP: 62/106 MP: 12/12
  9442 | D:11     | Reached *** piety under Qazlal
  9501 | D:11     | Found a frozen archway.
  9513 | D:11     | Reached skill level 10 in Fighting
  9522 | IceCv    | Entered an ice cave
  9839 | IceCv    | Noticed a death yak
 10042 | IceCv    | Killed a death yak
 10152 | IceCv    | Reached skill level 16 in Axes
 10159 | IceCv    | Reached **** piety under Qazlal
 10275 | IceCv    | Noticed a death yak
 10285 | IceCv    | Noticed a death yak
 10299 | IceCv    | Killed a death yak
 10312 | IceCv    | Killed a death yak
 10343 | IceCv    | Noticed a frost giant
 10364 | IceCv    | HP: 4/110 [frost giant/bolt of cold (16)]
 10367 | IceCv    | Killed from afar by a frost giant

Skill      XL: |  1  2  3  4  5  6  7  8  9 10 11 12 |
---------------+-------------------------------------+-----
Fighting       | 4 5 7 8 9 11 | 11.1
Axes           | 3 4 5 6 7 10 12 13 15 16 | 16.3
Armour         | 4 5 6 7 9 |  9.5
Shields        | 4 5 6 7 9 10 12 | 12.1
Dodging        | 1 2 |  2.7

Action                   |  1- 3 |  4- 6 |  7- 9 | 10-12 || total
-------------------------+-------+-------+-------+-------++-------
Melee: War axe           |    74 |   281 |   409 |   734 ||  1498
       Whip              |       |       |       |    36 ||    36
Evoke: Wand              |       |       |       |     2 ||     2
  Use: Scroll            |       |     4 |     7 |    13 ||    24
       Potion            |       |       |       |     2 ||     2
  Eat: Bread ration      |       |     1 |     3 |     2 ||     6
       Pizza             |       |     1 |       |     2 ||     3
       Meat ration       |       |       |     1 |       ||     1
       Chunk             |       |       |       |     3 ||     3
       Fruit             |       |       |       |     1 ||     1
       Beef jerky        |       |       |       |     1 ||     1
Armor: Scale mail        |    21 |   144 |    16 |       ||   181
       Chain mail        |       |       |    12 |       ||    12
       Plate armour      |       |       |   155 |   277 ||   432
Dodge: Dodged            |    37 |   122 |   134 |   220 ||   513
Block: Shield            |    56 |   169 |   208 |   522 ||   955
